 Dungeon Crawl Stone Soup version 0.21.1-1-g345015f (webtiles) character file.

3963 RoseArtemis the Fighter (level 10, 0/94 HPs)
             Began as a Minotaur Monk on Feb 15, 2018.
             Slain by a vampire (11 damage)
             ... on level 9 of the Dungeon.
             The game lasted 00:37:21 (8187 turns).

RoseArtemis the Fighter (Minotaur Monk)             Turns: 8187, Time: 00:37:22

Health: 0/94       AC:  2    Str: 20    XL:     10   Next: 2%
Magic:  0/3        EV: 18    Int:  7    God:
Gold:   243        SH:  0    Dex: 12    Spells: 9/9 levels left

rFire    . . .     SeeInvis .   q - +1 halberd (antimagic)
rCold    . . .     Gourm    .   (shield currently unavailable)
rNeg     . . .     Faith    .   b - +0 robe
rPois    +         Spirit   +   (helmet restricted)
rElec    .         Reflect  .   (no cloak)
rCorr    .         Harm     .   (no gloves)
MR       .....                  (no boots)
Stlth    +++.......             s - amulet of guardian spirit
HPRegen  0.25/turn              v - +1 ring of evasion
MPRegen  0.08/turn              E - ring of poison resistance

@: no status effects
A: retaliatory headbutt, horns 2
a: no special abilities


You were on level 9 of the Dungeon.
You were not hungry.

You visited 1 branch of the dungeon, and saw 8 of its levels.

You collected 282 gold pieces.
You spent 39 gold pieces at shops.

Inventory:

Hand Weapons
 q - a +1 antimagic halberd (weapon)
 x - a +0 shortbow
 z - a +0 spear
 F - a +1 short sword of protection
Missiles
 y - 77 arrows
Armour
 b - a +0 robe (worn)
 t - a +2 cloak of invisibility
 G - a +2 robe
Jewellery
 a - a +5 ring of strength {unknown}
 e - an uncursed ring of flight {unknown}
 m - a +3 ring of intelligence {unknown}
 n - an uncursed ring of stealth {unknown}
 s - an amulet of guardian spirit (around neck)
 v - a +1 ring of evasion (left hand)
 E - a ring of poison resistance (right hand)
 I - an uncursed amulet of magic regeneration {unknown}
Wands
 g - a wand of flame (6)
 p - a wand of disintegration (10)
Scrolls
 h - 3 scrolls of amnesia
 i - 2 scrolls of teleportation
 k - 3 scrolls of enchant weapon
 u - a scroll of noise {unknown}
 B - 2 scrolls of remove curse {unknown}
 C - a scroll of magic mapping {unknown}
 J - a scroll of blinking {unknown}
 L - 2 scrolls of fear {unknown}
 M - a scroll of enchant armour {unknown}
Potions
 f - 2 potions of agility
 o - 2 potions of cancellation {unknown}
 r - 2 potions of lignification {unknown}
 w - a potion of ambrosia {unknown}
 D - a potion of flight {unknown}
Comestibles
 c - 7 rations
 d - a chunk of flesh


   Skills:
 + Level 10.7 Fighting
 - Level 6.3(6.9) Polearms
   Level 4.0(5.7) Staves
 + Level 9.4 Dodging
 + Level 6.0 Stealth


You had 9 spell levels left.
You didn't know any spells.

Dungeon Overview and Level Annotations

Branches:
Dungeon (7/15)               Lair (0/6) D:9
 Temple: D:4-7

Altars:
Gozag
Xom

Shops:
D:4 =


Innate Abilities, Weirdness & Mutations

You reflexively headbutt those who attack you in melee.
You have a pair of horns on your head.


Message History

You hit something. Something hits you!
* * * LOW HITPOINT WARNING * * *
Something bites you!
* * * LOW HITPOINT WARNING * * *
Something draws strength from your injuries!
You feel better. Something hits you.
* * * LOW HITPOINT WARNING * * *
Something barely misses you.
You barely miss something. Something barely misses you. x2
You hit something but do no damage. Something barely misses you.
Something bites you!
* * * LOW HITPOINT WARNING * * *
Something draws strength from your injuries!
You feel better. Something closely misses you. Something bites you!
* * * LOW HITPOINT WARNING * * *
Something draws strength from your injuries!
You feel better. Something hits you.
* * * LOW HITPOINT WARNING * * *
Something bites you!
You die...

.:.#. .# .. ....... ...
..###... ...###.. ......
...... .... .... #..# #..#
######..#######..####
..#..#..#.)#..#.@#..#
..#........#........# .
.###......###......###....
.....###.......###.......#
......#.).......#.......##
...#..#..#...#..#$.#...##
...#######...#######..##
...#. #...# ..# ......#
....... .#


There were no monsters in sight!

Vanquished Creatures
  A two-headed ogre (D:9)
  Pikel (D:4)
  A wyvern (D:5)
  Sigmund (D:5)
  A golden eye (shapeshifter) (D:4)
  A hungry ghost (D:7)
  A water moccasin (D:5)
  A hell hound (D:9)
  Duvessa (D:5)
  A sky beast (D:7)
  3 ogres (D:6)
  3 centaurs
  A big kobold (D:7)
  3 bullfrogs (D:6)
  Dowan (D:5)
  A scorpion (D:4)
  3 howler monkeys
  3 crimson imps
  A bullfrog zombie (D:5)
  Crazy Yiuf (D:4)
  2 hounds
  4 orc priests (D:6)
  2 jellies (D:5)
  7 orc wizards
  An iguana (D:9)
  A worker ant (D:4)
  6 gnolls
  2 worker ant zombies (D:5)
  10 adders
  3 oozes
  2 adder zombies
  2 adder skeletons
  5 worms
  A dart slug (D:5)
  2 leopard geckos
  22 orcs
  2 ball pythons
  11 giant cockroaches
  3 goblins
  5 hobgoblins
  11 jackals
  A quokka (D:4)
  4 bats
  7 frilled lizards
  9 kobolds
  A quokka skeleton (D:5)
  12 rats
  2 butterflies
170 creatures vanquished.

Vanquished Creatures (others)
  A slave (D:4)
  2 orc priests (D:7)
  A worker ant (D:7)
  A kobold (D:9)
5 creatures vanquished.

Grand Total: 175 creatures vanquished

Notes
Turn   | Place    | Note
-------+----------+-------------------------------------------
     0 | D:1      | RoseArtemis the Minotaur Monk began the quest for the Orb.
     0 | D:1      | Reached XP level 1. HP: 19/19 MP: 0/0
     1 | D:1      | Found a runed door.
   537 | D:1      | Reached XP level 2. HP: 27/27 MP: 1/1
   792 | D:1      | Reached skill level 4 in Fighting
   992 | D:1      | Reached XP level 3. HP: 30/33 MP: 2/2
  1850 | D:2      | Reached XP level 4. HP: 33/41 MP: 3/3
  1954 | D:2      | Found an opulent altar of Gozag.
  2997 | D:4      | Found a shimmering altar of Xom.
  2999 | D:4      | Found a shimmering altar of Xom.
  3129 | D:4      | Found Edydymn's Jewellery Shop.
  3160 | D:4      | Bought a +1 ring of evasion for 39 gold pieces
  3229 | D:4      | Reached XP level 5. HP: 47/47 MP: 4/4
  3232 | D:4      | Reached skill level 5 in Fighting
  3268 | D:4      | Reached skill level 5 in Polearms
  3577 | D:4      | Found a shimmering altar of Xom.
  3635 | D:4      | Noticed a slave
  3635 | D:4      | Noticed a slave
  3637 | D:4      | Noticed Pikel
  3637 | D:4      | Noticed a slave
  3637 | D:4      | Noticed a slave
  3665 | D:4      | Reached skill level 5 in Dodging
  3681 | D:4      | Killed Pikel
  3681 | D:4      | Reached skill level 7 in Fighting
  3681 | D:4      | Reached XP level 6. HP: 23/60 MP: 3/5
  3681 | D:4      | Reached XP level 7. HP: 25/66 MP: 3/6
  3912 | D:4      | Found a runed door.
  4102 | D:4      | Noticed Crazy Yiuf
  4122 | D:4      | Killed Crazy Yiuf
  4306 | D:4      | Noticed Purgy
  4341 | D:4      | Noticed Purgy
  4342 | D:4      | Killed Purgy the golden eye
  4342 | D:4      | Reached skill level 1 in Staves
  4738 | D:5      | Entered Level 5 of the Dungeon
  4770 | D:5      | Reached skill level 8 in Fighting
  4770 | D:5      | Reached XP level 8. HP: 50/74 MP: 4/7
  5294 | D:5      | Noticed Dowan
  5297 | D:5      | Noticed Duvessa
  5304 | D:5      | Killed Duvessa
  5305 | D:5      | Killed Dowan
  5305 | D:5      | Reached skill level 9 in Fighting
  5952 | D:5      | Noticed Sigmund
  5960 | D:5      | Killed Sigmund
  5960 | D:5      | Reached XP level 9. HP: 83/85 MP: 8/8
  6065 | D:6      | Reached skill level 10 in Fighting
  6269 | D:6      | Found a shimmering altar of Xom.
  6435 | D:6      | Reached skill level 5 in Stealth
  7628 | D:7      | You fall through a shaft for 2 floors!
  7628 | D:9      | Found a staircase to the Lair.
  8132 | D:9      | Noticed a two-headed ogre
  8137 | D:9      | Killed a two-headed ogre
  8137 | D:9      | Reached XP level 10. HP: 71/94 MP: 1/9
  8186 | D:9      | HP: 4/94 [something (13)]
  8187 | D:9      | Slain by a vampire

Skill      XL: |  1  2  3  4  5  6  7  8  9 |
---------------+----------------------------+-----
Fighting       | 4 7 8 9 10 | 10.7
Polearms       | 4 6 |  6.3
Dodging        | 4 6 7 9 |  9.4
Staves         | 1 3 4 |  4.0
Stealth        | 2 3 6 |  6.0

Action                   |  1- 3 |  4- 6 |  7- 9 | 10-12 || total
-------------------------+-------+-------+-------+-------++-------
Melee: Spear             |   112 |   196 |    32 |       ||   340
       Headbutt          |    17 |    22 |    56 |     1 ||    96
       Quarterstaff      |       |       |   203 |       ||   203
       Halberd           |       |       |    18 |     6 ||    24
  Use: Scroll            |     4 |     5 |     2 |       ||    11
       Potion            |       |     1 |     4 |     3 ||     8
 Stab: Sleeping          |     3 |     1 |    10 |       ||    14
       Distracted        |       |     1 |       |       ||     1
  Eat: Chunk             |     3 |     2 |    11 |     1 ||    17
       Ration            |       |     1 |     1 |       ||     2
Armor: Robe              |    20 |    10 |    14 |       ||    44
Dodge: Dodged            |    60 |    83 |   166 |     8 ||   317
